 Dungeon Crawl Stone Soup version 0.28.0-45-g0d030f2227 (webtiles) character file.

Game seed: 1395655033478464535

36 Icepheonix32 the Firebug (level 3, -1/19 HPs)
             Began as a Tengu Fire Elementalist on Apr 16, 2022.
             Slain by an adder (5 damage)
             ... on level 2 of the Dungeon.
             The game lasted 00:01:26 (776 turns).

Icepheonix32 the Firebug (Tengu Fire Elementalist)   Turns: 776, Time: 00:01:27

Health: -1/19      AC:  2    Str:  8    XL:     3   Next: 37%
Magic:  7/7        EV: 12    Int: 17    God:
Gold:   18         SH:  0    Dex: 14    Spells: 5/6 levels left

rFire   . . .      SeeInvis .   b - +0 spear
rCold   . . .      Faith    .   (no shield)
rNeg    . . .      Spirit   .   a - +0 robe
rPois   .          Reflect  .   (helmet restricted)
rElec   .          Harm     .   (no cloak)
rCorr   .          Rampage  .   (no gloves)
Will    .....                   (boots unavailable)
Stlth   ++........              (no amulet)
HPRegen 0.06/turn               (no ring)
MPRegen 0.10/turn               (no ring)

@: lethally poisoned (-1 -> -6)
A: beak, talons 3
a: no special abilities


You were on level 2 of the Dungeon.
You visited 1 branch of the dungeon, and saw 2 of its levels.

You collected 90 gold pieces.
You spent 72 gold pieces at shops.

Inventory:

Hand Weapons
 b - a +0 spear (weapon)
Armour
 a - a +0 robe (worn)
Jewellery
 h - a ring of willpower
Scrolls
 j - a scroll of identify {unknown}
Potions
 c - a potion of flight {unknown}
 d - a potion of haste {unknown}
 e - a potion of curing {unknown}
 f - 2 potions of cancellation {unknown}
 g - a potion of mutation {unknown}
 i - 2 potions of degeneration
 k - a potion of heal wounds


   Skills:
 + Level 0.1 Polearms
 + Level 2.2 Dodging
 + Level 2.2 Stealth
 + Level 2.4 Spellcasting
 + Level 1.6 Conjurations
 + Level 4.1 Fire Magic


You had 5 spell levels left.
You knew the following spells:

 Your Spells              Type           Power      Damage    Failure   Level
a - Foxfire               Conj/Fire      44%        2x1d6     5%          1

Your spell library contained the following spells:

 Spells                   Type           Power      Damage    Failure   Level
 Scorch                   Fire           32%        2d6       4%          2
 Conjure Flame            Conj/Fire      11%        6-21      17%         3
 Inner Flame              Hex/Fire       9%         N/A       24%         3
 Flame Wave               Conj/Fire      11%        2d5       50%         4
 Petrify                  Tmut/Erth      2%         N/A       88%         4
 Metabolic Englaciation   Hex/Ice        1%         N/A       99%         5
 Statue Form              Tmut/Erth      1%         N/A       100%        6


Dungeon Overview and Level Annotations

Branches:
Dungeon (2/15)

Altars:

Shops:
D:2 !


Innate Abilities, Weirdness & Mutations

You have a beak for a mouth.
You have claws for feet.


Message History

No target in view!
You now have 18 gold pieces (gained 12).
A ball python comes into view.
An adder comes into view.
Found 2 smoky emerald potions.
The goblin shouts!
You reach to attack!
You closely miss the goblin.
The ball python hisses angrily.
You hit the goblin. Your kick misses the goblin. You peck the goblin.
You kill the goblin!
You reach to attack!
You hit the adder but do no damage. The adder bites you.
You are poisoned.
The adder poisons you!
You miss the adder. You claw the adder.
The adder is moderately wounded.
You feel sick. The adder closely misses you.
You barely miss the adder. Your punch misses the adder.
The adder is moderately wounded.
You feel sick. The ball python barely misses you. The ball python misses you.
The adder bites you but does no damage. The ball python closely misses you.
The ball python barely misses you.
You hit the adder.
The adder is severely wounded.
You feel sick. The adder bites you.
You are lethally poisoned!
The adder poisons you! The adder closely misses you.
The ball python closely misses you. The ball python misses you.
You are too injured to fight recklessly!
You are too injured to fight recklessly!
You are too injured to fight recklessly!
You are too injured to fight recklessly!
You are too injured to fight recklessly!
You are too injured to fight recklessly!
You are too injured to fight recklessly!
You are too injured to fight recklessly!
Unknown command.
You feel sick.
* * * LOW HITPOINT WARNING * * *
You feel sick. The adder bites you.
You die...

#.......# ####.#
#######.#### ...... .#
#.....# ..... . #.#
#.....# . ....
..#!#####.....# ##. #..
..#.........#
....#..###.........(♣.#
.......)##..#.....♣.∩.♣
#..S@..........♣.###.
####..S######...###.....
...................#.....
.##.....######>#.........
#.......# #.##.##.....
#.##..#.. ..##.##.....
!......##. #.###.##.....
#...##. .# #. #........
.# #. .# .) ###......


You could see an adder and a ball python.

Vanquished Creatures
  An adder (D:2)
  2 dart slugs (D:1)
  3 goblins
  3 hobgoblins
  2 quokkas (D:1)
  A ball python (D:1)
  4 bats (D:1)
  4 frilled lizards
  2 kobolds (D:1)
  2 rats
24 creatures vanquished.

Vanquished Creatures (others)
  45 foxfires
45 creatures vanquished.

Grand Total: 69 creatures vanquished

Notes
Turn   | Place    | Note
-------+----------+-------------------------------------------
     0 | D:1      | Icepheonix32 the Tengu Fire Elementalist began the quest
                  | for the Orb.
     0 | D:1      | Reached XP level 1. HP: 10/10 MP: 4/4
    75 | D:1      | Reached XP level 2. HP: 15/15 MP: 6/6
   279 | D:1      | Reached skill level 4 in Fire Magic
   330 | D:1      | Found a faded altar of an unknown god.
   667 | D:2      | Reached XP level 3. HP: 19/19 MP: 4/7
   717 | D:2      | Found Qiruajae's Distillery.
   732 | D:2      | Bought a potion of degeneration for 12 gold pieces
   732 | D:2      | Bought a potion of heal wounds for 60 gold pieces
   776 | D:2      | Slain by an adder

Illustrated notes

Levels and vault maps discovered:
D:1:      giann_bridges, layout_rooms, shapermc_ecumenical_altar_starsandcircs,
          minmay_tetromino_o2
D:2:      layout_rooms, serial_shops, nicolae_shop_trees

Skill      XL: |  1  2 |
---------------+-------+-----
Fire Magic     | 4 |  4.1
Polearms       | |  0.1
Dodging        | |  2.2
Stealth        | |  2.2
Spellcasting   | |  2.4
Conjurations   | |  1.6

Action                   || total
-------------------------++-------
Melee: Spear             ||    27
       Kick              ||    10
       Peck              ||     1
 Cast: Foxfire           ||    28
 Stab: Sleeping          ||     3
Armor: Robe              ||     1
Dodge: Dodged            ||    19
